 Dungeon Crawl Stone Soup version 0.26-a0-852-g6321bf7485 (webtiles) character file.

Game seed: 5284696149086790601

9800 ardl the Thaumaturge (level 11, -5/82 HPs)
             Began as a Gnoll Air Elementalist on Nov 21, 2020.
             Was a Believer of Ashenzari.
             Slain by a yak (16 damage)
             ... on level 1 of the Lair of Beasts on Nov 22, 2020.
             The game lasted 00:27:16 (13768 turns).

ardl the Thaumaturge (Gnoll Air Elementalist)      Turns: 13768, Time: 00:27:17

Health: -5/82      AC: 13    Str: 11    XL:     11   Next: 52%
Magic:  3/23       EV: 16    Int: 21    God:    Ashenzari [**....]
Gold:   687        SH:  0    Dex: 15    Spells: 11/26 levels left

rFire    . . .     SeeInvis .   s - +2 dagger (elec)
rCold    . . .     Faith    .   (no shield)
rNeg     . . .     Spirit   .   x - +0 leather armour (curse)
rPois    .         Reflect  .   A - +0 helmet
rElec    .         Harm     .   k - +0 cloak
rCorr    .         Rampage  .   (no gloves)
MR       .....                  g - +2 pair of boots (curse)
Stlth    +++.......             (no amulet)
HPRegen  0.23/turn              e - ring of attention (curse)
MPRegen  0.18/turn              o - +4 ring of protection (curse)

@: lethally poisoned (-5 -> -12)
A: distributed training, fangs 1, strong nose
a: Curse Item, Scrying, Renounce Religion


You were on level 1 of the Lair of Beasts.
You worshipped Ashenzari.
Ashenzari was pleased with you.
You visited 2 branches of the dungeon, and saw 11 of its levels.
You also visited: Sewer.

You collected 726 gold pieces.
You spent 39 gold pieces at shops.

Inventory:

Hand Weapons
 j - a +3 flail
 s - a +2 dagger of electrocution (weapon)
 v - the +2 dagger "Zusiazea" {vorpal, Dex+4}
   (You found it on level 5 of the Dungeon)

   It inflicts extra damage upon your enemies.
   It affects your dexterity (+4).
 z - a +0 fustibalus
Missiles
 m - 19 boomerangs (quivered)
 p - 7 curare-tipped darts
Armour
 a - a +0 robe
 g - a cursed +2 pair of boots (worn)
 k - a +0 cloak (worn)
 x - a cursed +0 leather armour (worn)
 A - a +0 helmet (worn)
Jewellery
 e - a cursed ring of attention (left hand)
 n - a +6 ring of dexterity
 o - a cursed +4 ring of protection (right hand)
 C - an uncursed ring of resist corrosion
 N - an uncursed ring of positive energy
Wands
 D - a wand of digging (6)
 E - a wand of flame (36)
 F - a wand of disintegration (11)
Scrolls
 c - 2 scrolls of magic mapping
 i - a scroll of identify
 t - 8 scrolls of teleportation
 B - 3 scrolls of blinking
 G - a scroll of amnesia
Potions
 b - 2 potions of flight
 d - 3 potions of might
 f - 7 potions of curing
 h - 2 potions of haste
 l - 4 potions of heal wounds
 q - 5 potions of attraction
 r - 2 potions of invisibility
 u - 2 potions of cancellation
 y - 3 potions of mutation


   Skills:
 + Level 6.3 Fighting
 + Level 6.3 Short Blades
 + Level 6.3 Long Blades
 + Level 6.3 Axes
 + Level 6.3 Maces & Flails
 + Level 6.3 Polearms
 + Level 6.3 Staves
 + Level 6.3 Slings
 + Level 6.3 Bows
 + Level 6.3 Crossbows
 + Level 6.3 Throwing
 + Level 6.3 Armour
 + Level 7.9 Dodging
 + Level 7.7 Stealth
 + Level 6.3 Shields
 + Level 6.3 Unarmed Combat
 + Level 8.2 Spellcasting
 + Level 5.7(7.2) Conjurations
 + Level 5.3(6.7) Hexes
 + Level 5.3(6.7) Summonings
 + Level 5.3(6.7) Necromancy
 + Level 5.3(6.7) Translocations
 + Level 5.3(6.7) Transmutations
 + Level 5.3(6.7) Fire Magic
 + Level 5.3(6.7) Ice Magic
 + Level 7.7(9.2) Air Magic
 + Level 5.3(6.7) Earth Magic
 + Level 5.3(6.7) Poison Magic
 + Level 7.0 Invocations
 + Level 6.3(7.8) Evocations


You had 11 spell levels left.
You knew the following spells:

 Your Spells              Type           Power        Failure   Level
a - Shock                 Conj/Air       ####         1%          1
b - Static Discharge      Conj/Air       #####...     1%          3
c - Airstrike             Air            #####.....   2%          4
s - Swiftness             Air            #####...     1%          2
x - Lightning Bolt        Conj/Air       #####.....   10%         5

Your spell library contained the following spells:

 Spells                   Type           Power        Failure   Level
 Summon Small Mammal      Summ           ####         1%          1
 Call Imp                 Summ           #####...     1%          2
 Call Canine Familiar     Summ           #####...     1%          3
 Summon Guardian Golem    Hex/Summ       #####...     1%          3
 Summon Lightning Spire   Summ/Air       #####...     3%          4
 Summon Ice Beast         Ice/Summ       #####...     6%          4


Dungeon Overview and Level Annotations

Branches:
Dungeon (10/15)              Lair (1/6) D:10            Orc (0/2) D:9
  Sewer (visited)
 Temple: D:4-7

Altars:
Ashenzari
Cheibriados
Elyvilon
Fedhas
Gozag
Hepliaklqana
Kikubaaqudgha
Makhleb
Trog
Uskayaw
Wu Jian
Xom
Yredelemnul
Zin
The Shining One

Shops:
D:9 *

Annotations:
D:8 1 runed translucent door
D:10 Gastronok


Innate Abilities, Weirdness & Mutations

Your experience applies equally to all skills.
You have very sharp teeth.
Your uncanny sense of smell can sniff out nearby items.


Message History

The yak is struck by an arc of lightning. x2
The lightning grounds out.
The yak is struck by an arc of lightning!
The lightning grounds out.
The cane toad closely misses you. The yak gores you! x2
You take 16 damage, and have 44/82 hp.
You now have 6/23 mp.
The yak is struck by an arc of lightning!
You are struck by an arc of lightning.
The yak is struck by an arc of lightning.
The lightning grounds out.
The yak gores you. x2; The cane toad stings you!!
* * * LOW HITPOINT WARNING * * *
You are poisoned.
The cane toad poisons you! The yak barely misses you.
The yak gores you but does no damage.
You take 27 damage, and have 17/82 hp.
MASSIVE DAMAGE!!
You now have 3/23 mp.
You feel sick. The yak gores you.
* * * LOW HITPOINT WARNING * * *
The yak misses you. The yak gores you!
You die...

* , , , ,,
#....P, ,
##....# ≈ ≈≈ ,,
, , P(...# ,≈≈ *
#....# , ≈≈ ≈≈ ,
, ** #....# ≈≈≈
, .###....#
≈≈≈., , , ,
.....(..##.≈≈≈≈
,
,.......@Y..≈≈≈≈
≈ , ,
......YYY..≈≈≈≈
......SFY...≈≈≈≈
,
............≈≈≈
, ,
...............
, ,
..........##..#
,,, ,
####......# #.#
, , *#......# .P
, , .......#*, ,
*


You could see 5 yaks, a cane toad and a water moccasin.

Vanquished Creatures
  Erolcha (D:10)
  A two-headed ogre (D:9)
  Pikel (D:6)
  Psyche (D:8)
  3 trolls
  Prince Ribbit (D:6)
  4 yaks
  Grum (D:8)
  3 water moccasins
  3 orc warriors
  Purgy (Sewer)
  A swamp drake (D:9)
  2 ice beasts
  2 sky beasts
  2 phantoms
  3 black bears (D:8)
  10 ogres
  6 centaurs
  4 wolves (D:8)
  2 lemures (D:6)
  A big kobold (D:8)
  3 bullfrogs
  A wyvern skeleton (D:8)
  2 scorpions
  6 killer bees (D:10)
  9 wights
  8 howler monkeys
  A bullfrog zombie (D:8)
  3 jellies
  10 hounds
  A gnoll shaman (D:6)
  4 orc priests
  Jessica (D:2)
  2 iguanas (D:6)
  10 orc wizards
  9 worker ants
  A hound zombie (D:9)
  2 hound skeletons (D:5)
  12 gnolls
  14 adders
  3 shadow imps
  A white imp (D:10)
  An ufetubus (D:10)
  3 oozes
  2 adder skeletons
  4 worms
  4 dart slugs
  4 leopard geckos
  41 orcs
  7 giant cockroaches
  A goblin (D:1)
  3 hobgoblins
  4 jackals (D:5)
  13 kobolds
  A quokka (D:2)
  6 ball pythons
  A ball python skeleton (D:5)
  5 bats
  7 frilled lizards
  3 quokka zombies
  9 rats
275 creatures vanquished.

Vanquished Creatures (others)
  A quokka (D:8)
  A fungus (Lair:1)
2 creatures vanquished.

Grand Total: 277 creatures vanquished

Notes
Turn   | Place    | Note
-------+----------+-------------------------------------------
     0 | D:1      | ardl the Gnoll Air Elementalist began the quest for the
                  | Orb.
     0 | D:1      | Reached XP level 1. HP: 13/13 MP: 6/6
     0 | D:1      | Saving game... please wait.
   217 | D:1      | Reached XP level 2. HP: 19/19 MP: 4/7
   251 | D:1      | Learned a level 2 spell: Swiftness
   519 | D:1      | Reached skill level 5 in Spellcasting
   519 | D:1      | Reached XP level 3. HP: 25/25 MP: 2/9
   822 | D:1      | Reached skill level 1 in Invocations
   966 | D:2      | Found an opulent altar of Gozag.
  1061 | D:2      | Noticed Jessica
  1062 | D:2      | Killed Jessica
  1063 | D:2      | Reached skill level 1 in Fighting
  1063 | D:2      | Reached skill level 1 in Short Blades
  1063 | D:2      | Reached skill level 1 in Long Blades
  1063 | D:2      | Reached skill level 1 in Axes
  1063 | D:2      | Reached skill level 1 in Maces & Flails
  1063 | D:2      | Reached skill level 1 in Polearms
  1063 | D:2      | Reached skill level 1 in Staves
  1063 | D:2      | Reached skill level 1 in Slings
  1063 | D:2      | Reached skill level 1 in Bows
  1063 | D:2      | Reached skill level 1 in Crossbows
  1063 | D:2      | Reached skill level 1 in Throwing
  1063 | D:2      | Reached skill level 1 in Armour
  1063 | D:2      | Reached skill level 1 in Shields
  1063 | D:2      | Reached skill level 1 in Unarmed Combat
  1063 | D:2      | Reached skill level 1 in Evocations
  1063 | D:2      | Reached XP level 4. HP: 32/32 MP: 9/11
  1095 | D:2      | Found a snail-covered altar of Cheibriados.
  1195 | D:2      | Reached skill level 1 in Hexes
  1195 | D:2      | Reached skill level 1 in Summonings
  1195 | D:2      | Reached skill level 1 in Necromancy
  1195 | D:2      | Reached skill level 1 in Translocations
  1195 | D:2      | Reached skill level 1 in Transmutations
  1195 | D:2      | Reached skill level 1 in Fire Magic
  1195 | D:2      | Reached skill level 1 in Ice Magic
  1195 | D:2      | Reached skill level 1 in Earth Magic
  1195 | D:2      | Reached skill level 1 in Poison Magic
  1201 | D:2      | Reached XP level 5. HP: 33/37 MP: 3/12
  1290 | D:2      | Learned a level 3 spell: Static Discharge
  1303 | D:2      | Learned a level 4 spell: Airstrike
  1411 | D:2      | Found a shimmering altar of Xom.
  1881 | D:3      | Found a broken altar of Ashenzari.
  1962 | D:3      | Became a worshipper of Ashenzari the Shackled
  2429 | D:3      | Found a basalt altar of Yredelemnul.
  2889 | D:4      | Reached XP level 6. HP: 44/44 MP: 10/13
  2993 | D:4      | Reached skill level 5 in Dodging
  3115 | D:4      | Found a hide-covered altar of Uskayaw.
  3124 | D:4      | Found a burning altar of Makhleb.
  3124 | D:4      | Found a hazy altar of Hepliaklqana.
  3170 | D:4      | Noticed an ice beast
  3178 | D:4      | Killed an ice beast
  3179 | D:4      | Reached XP level 7. HP: 48/51 MP: 3/15
  3649 | D:4      | Reached skill level 5 in Stealth
  4023 | D:4      | Reached * piety under Ashenzari
  4136 | D:5      | Entered Level 5 of the Dungeon
  4246 | D:5      | Found a glowing drain.
  4323 | Sewer    | Entered a sewer
  4462 | Sewer    | Noticed Purgy
  4471 | Sewer    | Killed Purgy
  4472 | Sewer    | Reached XP level 8. HP: 53/57 MP: 1/16
  5000 | D:5      | Got the dagger "Zusiazea" {vorpal, Dex+4}
  5001 | D:5      | Identified the +2 dagger "Zusiazea" {vorpal, Dex+4} (You
                  | found it on level 5 of the Dungeon)
  5113 | D:5      | Reached skill level 6 in Spellcasting
  5293 | D:5      | Learned a level 5 spell: Lightning Bolt
  5465 | D:5      | Found an ornate altar of the Wu Jian Council.
  5761 | D:6      | Noticed Prince Ribbit
  6127 | D:6      | Killed Prince Ribbit
  6239 | D:6      | Reached XP level 9. HP: 56/65 MP: 1/18
  6853 | D:6      | Noticed Pikel
  6873 | D:6      | Killed Pikel
  7452 | D:6      | Reached skill level 5 in Invocations
  7907 | D:7      | Found a bloodstained altar of Trog.
  8087 | D:7      | Reached skill level 7 in Spellcasting
  8108 | D:7      | Reached XP level 10. HP: 59/73 MP: 3/20
  8545 | D:7      | Found an ancient bone altar of Kikubaaqudgha.
  8545 | D:7      | Found a glowing golden altar of the Shining One.
  8732 | D:8      | Found a white marble altar of Elyvilon.
  8861 | D:8      | Reached skill level 5 in Fighting
  8861 | D:8      | Reached skill level 5 in Short Blades
  8861 | D:8      | Reached skill level 5 in Long Blades
  8861 | D:8      | Reached skill level 5 in Axes
  8861 | D:8      | Reached skill level 5 in Maces & Flails
  8861 | D:8      | Reached skill level 5 in Polearms
  8861 | D:8      | Reached skill level 5 in Staves
  8861 | D:8      | Reached skill level 5 in Slings
  8861 | D:8      | Reached skill level 5 in Bows
  8861 | D:8      | Reached skill level 5 in Crossbows
  8861 | D:8      | Reached skill level 5 in Throwing
  8861 | D:8      | Reached skill level 5 in Armour
  8861 | D:8      | Reached skill level 5 in Shields
  8861 | D:8      | Reached skill level 5 in Unarmed Combat
  8861 | D:8      | Reached skill level 5 in Evocations
  9005 | D:8      | Noticed Psyche
  9016 | D:8      | Killed Psyche
  9294 | D:8      | Noticed Grum
  9493 | D:8      | Killed Grum
  9543 | D:8      | Reached skill level 5 in Conjurations
  9667 | D:8      | Reached ** piety under Ashenzari
  9834 | D:8      | Found a glowing silver altar of Zin.
  9834 | D:8      | Noticed an angel
  9835 | D:8      | Found a runed translucent door.
 10473 | D:9      | Found a bloodstained altar of Trog.
 10492 | D:9      | Found Ciamaz's General Store.
 10705 | D:9      | Bought a potion of curing for 39 gold pieces
 10999 | D:9      | Noticed a two-headed ogre
 11012 | D:9      | Killed a two-headed ogre
 11013 | D:9      | Reached XP level 11. HP: 81/81 MP: 3/22
 11303 | D:9      | Found a staircase to the Orcish Mines.
 11473 | D:9      | Found a blossoming altar of Fedhas.
 11588 | D:9      | Reached skill level 5 in Hexes
 11588 | D:9      | Reached skill level 5 in Summonings
 11588 | D:9      | Reached skill level 5 in Necromancy
 11588 | D:9      | Reached skill level 5 in Translocations
 11588 | D:9      | Reached skill level 5 in Transmutations
 11588 | D:9      | Reached skill level 5 in Fire Magic
 11588 | D:9      | Reached skill level 5 in Ice Magic
 11588 | D:9      | Reached skill level 5 in Earth Magic
 11588 | D:9      | Reached skill level 5 in Poison Magic
 11803 | D:9      | Found a basalt altar of Yredelemnul.
 12173 | D:9      | Saving game... please wait.
 12214 | D:10     | Entered Level 10 of the Dungeon
 12233 | D:10     | Reached skill level 8 in Spellcasting
 12568 | D:10     | Noticed Gastronok
 12897 | D:10     | Noticed Erolcha
 13388 | D:10     | Killed Erolcha
 13522 | D:10     | Found a staircase to the Lair.
 13759 | Lair:1   | Entered Level 1 of the Lair of Beasts
 13768 | Lair:1   | Slain by a yak

Illustrated notes

Levels and vault maps discovered:
D:1:      dpeg_arrival_lava_temple_mockup, layout_rooms,
          minmay_misc_feat_ornament
D:2:      layout_rooms, old_standard_altar, kennysheep_slug_shrine,
          nicolae_gozag_seed_capital, uniq_jessica
D:3:      kennysheep_six_static_rooms, layout_loops_corners, marbit_many_paths,
          overflow_temple_1_default
D:4:      layout_basic, lemuel_coloured_pillars_altar,
          chequers_temple_overflow_statue_of_worship
D:5:      layout_loops_ring, old_standard_altar, cheibrodos_sewer_entry_bend
D:6:      layout_loops_cross, kennysheep_potato, uniq_prince_ribbit1, uniq_pikel
D:7:      layout_loops_ring, minitemple, minmay_temple_entry_from_below_a,
          trog_book
D:8:      layout_loops_ring, elyvilon_altar_4, lemuel_angel_altar, uniq_grum,
          uniq_psyche
D:9:      layout_long_grid, nicolae_overflow_crystal_walls, erik_orc_1,
          serial_shops, nicolae_shop_stone, basic_altar, fedhas_altar_fruit_tree
D:10:     layout_cave_pools, lair_entry_dummy, columned_hall_lemuel,
          grunt_decor_resistance, uniq_erolcha, uniq_gastronok
Lair:1:   layout_regular_city, beast_lair_carwin_10, grunt_megastairs_5,
          infiniplex_staircase_pool_2, uniq_joseph

Skill      XL: |  1  2  3  4  5  6  7  8  9 10 11 |
---------------+----------------------------------+-----
Conjurations   | 2 3 4 5 |  5.7
Spellcasting   | 5 6 7 8 |  8.2
Invocations    | 1 2 3 4 5 6 7 |  7.0
Fighting       | 1 2 3 4 5 6 |  6.3
Short Blades   | 1 2 3 4 5 6 |  6.3
Long Blades    | 1 2 3 4 5 6 |  6.3
Axes           | 1 2 3 4 5 6 |  6.3
Maces & Flails | 1 2 3 4 5 6 |  6.3
Polearms       | 1 2 3 4 5 6 |  6.3
Staves         | 1 2 3 4 5 6 |  6.3
Slings         | 1 2 3 4 5 6 |  6.3
Bows           | 1 2 3 4 5 6 |  6.3
Crossbows      | 1 2 3 4 5 6 |  6.3
Throwing       | 1 2 3 4 5 6 |  6.3
Armour         | 1 2 3 4 5 6 |  6.3
Shields        | 1 2 3 4 5 6 |  6.3
Unarmed Combat | 1 2 3 4 5 6 |  6.3
Evocations     | 1 2 3 4 5 6 |  6.3
Hexes          | 1 2 3 4 5 |  5.3
Summonings     | 1 2 3 4 5 |  5.3
Necromancy     | 1 2 3 4 5 |  5.3
Translocations | 1 2 3 4 5 |  5.3
Transmutations | 1 2 3 4 5 |  5.3
Fire Magic     | 1 2 3 4 5 |  5.3
Ice Magic      | 1 2 3 4 5 |  5.3
Earth Magic    | 1 2 3 4 5 |  5.3
Poison Magic   | 1 2 3 4 5 |  5.3
Dodging        | 5 6 7 |  7.9
Stealth        | 5 6 7 |  7.7
Air Magic      | 6 7 |  7.7

Action                   |  1- 3 |  4- 6 |  7- 9 | 10-12 || total
-------------------------+-------+-------+-------+-------++-------
Melee: Flail             |       |       |     4 |       ||     4
       Dagger            |       |       |    27 |   111 ||   138
       Bite              |       |       |     1 |    13 ||    14
 Cast: Shock             |    50 |   106 |   218 |   149 ||   523
       Static Discharge  |       |     6 |    28 |    67 ||   101
       Airstrike         |       |       |    12 |    24 ||    36
       Lightning Bolt    |       |       |       |     2 ||     2
Invok: Curse Item        |       |       |     1 |     1 ||     2
  Use: Scroll            |       |     7 |     9 |     3 ||    19
 Stab: Sleeping          |       |       |     2 |     1 ||     3
Armor: Robe              |       |       |     5 |       ||     5
       Leather armour    |       |       |    28 |    60 ||    88
Dodge: Dodged            |     6 |    19 |    75 |   129 ||   229

Table legend: (Time is in decaauts)
 A = Elapsed time spent in this place.
 B = Non-inter-level travel time spent in this place.
 C = Inter-level travel time spent in this place.
 D = Time resting spent in this place.
 E = Time spent auto-exploring this place.
 F = Levels seen in this place.
 G = Mean time per level.
                   A        B        C        D        E       F      G
               +--------+--------+--------+--------+--------+-----+--------+
         Total |  13772 |  13322 |    450 |   2744 |   8948 |  12 | 1147.7 |
       Dungeon |  13415 |  12965 |    450 |   2645 |   8765 |  10 | 1341.5 |
          Lair |      8 |      8 |      0 |      0 |      0 |   1 |    8.0 |
         Sewer |    347 |    347 |      0 |     99 |    183 |   1 |  347.0 |
               +--------+--------+--------+--------+--------+-----+--------+

Top non-repeatable levels by time:
     D:9: 2162 daAuts
     D:5: 1870 daAuts
     D:8: 1671 daAuts
    D:10: 1288 daAuts
     D:4: 1276 daAuts
     D:6: 1229 daAuts
     D:3: 1225 daAuts
     D:7: 1059 daAuts
     D:1: 906 daAuts
     D:2: 726 daAuts
   Sewer: 347 daAuts
  Lair:1: 8 daAuts
